 Dungeon Crawl Stone Soup version 0.25.0-1-g7eea58d2a3 (webtiles) character file.

Game seed: 4135328505464863589

50 DeadF the Sneak (level 3, 0/14 HPs)
             Began as a Felid Enchanter on June 13, 2020.
             Slain by a fire bat (3 damage)
             ... on level 3 of the Dungeon.
             The game lasted 00:04:55 (1818 turns).

DeadF the Sneak (Felid Enchanter)                   Turns: 1818, Time: 00:04:57

Health: 0/14       AC:  3    Str:  4    XL:     3   Next: 55%
Magic:  7/7        EV: 19    Int: 16    God:
Gold:   110        SH:  0    Dex: 17    Spells: 3/6 levels left
                                        Lives:  0   Deaths: 1

rFire    . . .     SeeInvis +     - Unarmed
rCold    . . .     Gourm    .   (shield unavailable)
rNeg     . . .     Faith    .   (armour unavailable)
rPois    .         Spirit   .   (helmet unavailable)
rElec    .         Reflect  .   (cloak unavailable)
rCorr    .         Harm     .   (gloves unavailable)
MR       +....     Clarity  +   (boots unavailable)
Stlth    ++++......             (no amulet)
HPRegen  0.04/turn              (no ring)
MPRegen  0.10/turn              (no ring)

@: quick
A: very small, no armour, no weapons or thrown items, stealth, claws 1, fangs 3,
iridescent scales 1, see invisible, carnivore, clarity, speed 1, magic
resistance 1, screaming 1, shaggy fur 1, slow metabolism 1, sharp paws
a: no special abilities


You were on level 3 of the Dungeon.
You were very full.

You visited 1 branch of the dungeon, and saw 3 of its levels.

You collected 110 gold pieces.

Inventory:

Jewellery
 c - a cursed ring of teleportation {unknown}
 d - an uncursed ring of magical power {unknown}
Scrolls
 e - 3 scrolls of enchant armour {unknown}
 i - a scroll of amnesia {unknown}
 j - a scroll of remove curse {unknown}
 k - a scroll of magic mapping {unknown}
Potions
 f - 2 potions of mutation
Comestibles
 b - 6 rations


   Skills:
 + Level 4.2 Dodging
 + Level 5.8 Stealth
 - Level 1.1 Unarmed Combat
 - Level 2.2 Spellcasting
 - Level 5.0 Hexes


You had 3 spell levels left.
You knew the following spells:

 Your Spells              Type           Power        Failure   Level  Hunger
a - Corona                Hex            ###....      2%          1    #......
b - Ensorcelled Hibernat  Hex/Ice        #.....       11%         2    ###....

Your spell library contained the following spells:

 Spells                   Type           Power        Failure   Level  Hunger
 Confusing Touch          Hex            ###.....     8%          3    ###....
 Tukima's Dance           Hex            ###.....     8%          3    ###....
 Dazzling Flash           Conj/Hex       #.....       22%         3    ###....


Dungeon Overview and Level Annotations

Branches:
Dungeon (3/15)

Altars:


Innate Abilities, Weirdness & Mutations

You cannot wear armour.
You are incapable of wielding weapons or throwing items.
Your paws allow you to move quietly. (Stealth)
You have sharp claws.
You have razor-sharp teeth.
You have supernaturally acute eyesight. (SInv)
You are carnivorous and can eat meat at any time.
You cover ground quickly.
You are covered in fur. (AC +1)
You have a slow metabolism.
Your sharp claws are effective at attacking unaware monsters.
You are partially covered in iridescent scales. (AC +2)
You possess an exceptional clarity of mind.
You are resistant to hostile enchantments. (MR+)
You occasionally shout uncontrollably at your foes.


Message History

The rotten bat misses you.
You scratch the rotten bat.
The rotten bat is almost destroyed.
The rotten bat completely misses you. The fire bat misses you.
The rotten bat misses you.
The fire bat bites you but does no damage.
The rotten bat hits you but does no damage.
You scratch the rotten bat.
You destroy the rotten bat!
The fire bat misses you. The fire bat closely misses you.
The fire bat bites you.
You are engulfed in flames.
The fire bat completely misses you.
You barely miss the fire bat.
The fire bat is severely wounded.
The fire bat completely misses you. The fire bat bites you.
* * * LOW HITPOINT WARNING * * *
You are engulfed in flames.
* * * LOW HITPOINT WARNING * * *
The fire bat bites you.
You die...

##.##
##...#.÷.##........
#...#
#.##.######...#...
#.†.####.###.##
#........
##...##.###...#
######... ##..#÷.#
##..# #### ##.†.##
###### ###.##
####.####
##.##.ZZ##....#
##@b..# ####.#
##b...# #.# ...##
#.## ..## #..####
### ##....##
####... ####


You could see 2 ghost-faced bats and 2 fire bats.

Vanquished Creatures
  A vampire bat (D:3)
  A dart slug (D:1)
  A fire bat (D:3)
  A leopard gecko (D:1)
  An orc (D:3)
  3 bat skeletons (D:3)
  A bat zombie (D:3)
  2 giant cockroaches
  A goblin (D:1)
  5 hobgoblins
  3 kobolds
  A quokka (D:3)
  14 bats
  A frilled lizard (D:1)
  3 rats (D:1)
39 creatures vanquished.

Notes
Turn   | Place    | Note
-------+----------+-------------------------------------------
     0 | D:1      | DeadF the Felid Enchanter began the quest for the Orb.
     0 | D:1      | Reached XP level 1. HP: 7/7 MP: 4/4
   172 | D:1      | Reached XP level 2. HP: 11/11 MP: 6/6
   216 | D:1      | Reached skill level 5 in Hexes
   628 | D:1      | Learned a level 2 spell: Ensorcelled Hibernation
  1383 | D:3      | Reached XP level 3. HP: 14/14 MP: 7/7
  1393 | D:3      | Reached skill level 5 in Stealth
  1655 | D:3      | Gained mutation: You are resistant to hostile enchantments.
                  | (MR+) [potion of mutation]
  1655 | D:3      | Gained mutation: You occasionally shout uncontrollably at
                  | your foes. [potion of mutation]
  1655 | D:3      | Gained mutation: You are partially covered in iridescent
                  | scales. (AC +2) [potion of mutation]
  1655 | D:3      | Gained mutation: You possess an exceptional clarity of
                  | mind. [potion of mutation]
  1664 | D:3      | Reached XP level 4. HP: 12/18 MP: 4/8
  1682 | D:3      | Slain by a fire bat
  1683 | D:3      | Reached XP level 3. HP: -1/14 MP: 1/7
  1818 | D:3      | Slain by a fire bat

Illustrated notes

Levels and vault maps discovered:
D:1:      dpeg_arrival_rooms_b, layout_rooms
D:2:      layout_basic, serial_glass, glass_columns_a, glass_columns_c,
          glass_columns_a, glass_columns_a, glass_columns_b, glass_columns_a,
          glass_columns_b, glass_columns_a, glass_columns_a, glass_columns_a,
          minmay_misc_feat_alley, uniq_jessica, uniq_sigmund, uniq_terence
D:3:      layout_rooms, first_ration, st_stairs_6, goddamned_bats, uniq_ijyb

Skill      XL: |  1  2  3 |
---------------+----------+-----
Hexes          | 5 |  5.0
Dodging        | 3 4 |  4.2
Stealth        | 5 |  5.8
Unarmed Combat | |  1.1
Spellcasting   | |  2.2

Action                   |  1- 3 |  4- 6 || total
-------------------------+-------+-------++-------
Melee: Unarmed           |   114 |     8 ||   122
       Bite              |    11 |       ||    11
       Punch             |     1 |       ||     1
 Cast: Ensorcelled Hiber |    21 |     1 ||    22
  Use: Potion            |     4 |       ||     4
 Stab: Sleeping          |    25 |       ||    25
  Eat: Chunk             |    14 |       ||    14
Armor: Skin              |    38 |     1 ||    39
Dodge: Dodged            |   177 |    16 ||   193
